 Dungeon Crawl Stone Soup version 0.16.1-51-g6203257 (webtiles) character file.

53 uhvn the Sneak (level 3, 0/18 HPs)
             Began as a Vine Stalker Enchanter on July 10, 2015.
             Succumbed to an adder's poison
             ... on level 2 of the Dungeon.
             The game lasted 00:05:09 (916 turns).

uhvn the Sneak (Vine Stalker Enchanter)              Turns: 916, Time: 00:05:10

Health: 0/18       AC:  3    Str: 10    XL:     3   Next: 87%
Magic:  0/7        EV: 12    Int: 15    God:
Gold:   85         SH:  0    Dex: 15    Spells: 1 memorised, 5 levels left

rFire  . . .     SeeInvis .     a - +1 dagger
rCold  . . .     Clarity  .     b - +1 robe
rNeg   . . .     SustAb   .     (no shield)
rPois  .         Gourm    .     (no helmet)
rElec  .         Spirit   +     (no cloak)
rCorr  .         Warding  .     (no gloves)
rMut   .         Stasis   .     (no boots)
MR     .....                    (no amulet)
Stlth  +++.......               (no ring)
                                (no ring)

@: lethally poisoned (0 -> -10), not resistant to hostile enchantments, fairly
stealthy
A: fangs 2, regeneration 1, magic shield, antimagic bite, no device heal 3, rot
immunity
a: no special abilities


You were on level 2 of the Dungeon.
You were not hungry.

You visited 1 branch of the dungeon, and saw 2 of its levels.

You collected 85 gold pieces.

Inventory:

Hand weapons
 a - a +1 dagger (weapon)
Missiles
 i - 19 poisoned needles
Armour
 b - a +1 robe (worn)
 e - a +0 scale mail
Scrolls
 f - a scroll of recharging {unknown}
 h - a scroll of identify {unknown}
 l - a scroll of teleportation {unknown}
Potions
 g - 2 potions of curing {unknown}
 j - a potion of heal wounds {unknown}
 k - 2 potions of resistance {unknown}
Books
 c - a book of Maledictions

   Spells                             Type                      Level
   a - Corona                         Hexes                        1
   b - Sure Blade                     Hexes/Charms                 2
   c - Ensorcelled Hibernation        Hexes/Ice                    2
   d - Confuse                        Hexes                        3
   e - Dazzling Spray                 Conjuration/Hexes            3
   f - Enslavement                    Hexes                        4
Comestibles
 d - a bread ration


   Skills:
 * Level 1.5 Fighting
 * Level 1.2 Short Blades
 + Level 1.9 Dodging
 - Level 4.0 Stealth
 + Level 2.4 Spellcasting
 + Level 3.3 Hexes


You had 5 spell levels left.
You knew the following spells:

 Your Spells              Type           Power        Failure   Level  Hunger
a - Corona                Hex            ##.....      8%          1    #......


Dungeon Overview and Level Annotations

Branches:
Dungeon (2/15)

Altars:
Ru


Innate Abilities, Weirdness & Mutations

You have extremely sharp teeth.
Your natural rate of healing is unusually fast.
When hurt, damage is shared between your health and your magic reserves.
Your bite disrupts and absorbs the magic of your enemies.
Potions and wands cannot restore your health.
You are immune to rotting.


Message History

You hit the adder.
The adder is severely wounded.
You feel sick. The adder bites you.
You barely miss the adder.
The adder is severely wounded.
The adder bites you.
You are more poisoned.
The adder poisons you!
You barely miss the adder.
The adder is severely wounded.
You feel sick. The adder bites you.
* * * LOW HITPOINT WARNING * * *
You are more poisoned.
The adder poisons you! The adder bites you.
* * * LOW HITPOINT WARNING * * *
You are more poisoned.
The adder poisons you!
You barely miss the adder. Your bite misses the adder.
The adder is severely wounded.
You die...

#..# #+###..†#
#.#####..# #...#
..........# #...###
#.#####.## ##.....
#..# #..#.## #..#
#..#.# #[## #..
####.# #S# .. #.#
##@##.# #.# #.....#
#.. #..#### ###
#..# #..# #..# ##
#..##########....
#.)#...............
#..#.####.########.


You could see an adder.

Vanquished Creatures
  2 adders (D:2)
  2 giant geckos
  An ooze (D:1)
  3 goblins
  4 hobgoblins
  5 kobolds
  A ball python (D:2)
  4 bats (D:1)
  A giant cockroach (D:1)
  2 giant newts (D:1)
  9 rats
34 creatures vanquished.

Notes
Turn   | Place    | Note
--------------------------------------------------------------
     0 | D:1      | uhvn, the Vine Stalker Enchanter, began the quest for the Orb.
     0 | D:1      | Reached XP level 1. HP: 9/9 MP: 3/3
    21 | D:1      | Reached skill level 1 in Short Blades
    88 | D:1      | Reached XP level 2. HP: 13/13 MP: 5/5
   363 | D:1      | Reached skill level 4 in Stealth
   541 | D:1      | Reached XP level 3. HP: 17/17 MP: 7/7
   623 | D:2      | Found a sacrificial altar of Ru.
   668 | D:2      | Reached skill level 1 in Fighting
   916 | D:2      | Succumbed to an adder's poison

Action                   || total
-------------------------++-------
Melee: Dagger            ||    95
 Cast: Corona            ||    10
 Stab: Sleeping          ||     6
